Workbook

Sheet DASHBOARD
A1: PAINEL — AGENDA E SERVIÇOS
A2: Indicadores automáticos a partir da aba AGENDA. Atualize status e recebimentos para manter o painel correto. | N2: BASE DOS GRÁFICOS (automática)
A3: Agendados hoje | D3: Próximos dias | G3: Concluídos no mês | J3: Faturado no mês | N3: Mês | O3: Concluídos | P3: Faturado | Q3: Recebido
A4: =COUNTIFS(AGENDA!$A$4:$A$403,TODAY(),AGENDA!$H$4:$H$403,"Agendado") -> 1 | D4: =COUNTIFS(AGENDA!$A$4:$A$403,">="&TODAY(),AGENDA!$A$4:$A$403,"<="&TODAY()+CONFIG!$B$5,AGENDA!$H$4:$H$403,"Agendado") -> 4 | G4: =COUNTIFS(AGENDA!$A$4:$A$403,">="&EOMONTH(TODAY(),-1)+1,AGENDA!$A$4:$A$403,"<="&EOMONTH(TODAY(),0),AGENDA!$H$4:$H$403,"Concluído") -> 2 | J4: =SUMIFS(AGENDA!$P$4:$P$403,AGENDA!$A$4:$A$403,">="&EOMONTH(TODAY(),-1)+1,AGENDA!$A$4:$A$403,"<="&EOMONTH(TODAY(),0),AGENDA!$H$4:$H$403,"Concluído") -> 390 | N4: =DATE(CONFIG!$B$6,ROW()-3,1) -> 46023 | O4: =COUNTIFS(AGENDA!$A$4:$A$403,">="&N4,AGENDA!$A$4:$A$403,"<="&EOMONTH(N4,0),AGENDA!$H$4:$H$403,"Concluído") -> 0 | P4: =SUMIFS(AGENDA!$P$4:$P$403,AGENDA!$A$4:$A$403,">="&N4,AGENDA!$A$4:$A$403,"<="&EOMONTH(N4,0),AGENDA!$H$4:$H$403,"Concluído") -> 0 | Q4: =SUMIFS(AGENDA!$Q$4:$Q$403,AGENDA!$U$4:$U$403,">="&N4,AGENDA!$U$4:$U$403,"<="&EOMONTH(N4,0)) -> 0
N5: =DATE(CONFIG!$B$6,ROW()-3,1) -> 46054 | O5: =COUNTIFS(AGENDA!$A$4:$A$403,">="&N5,AGENDA!$A$4:$A$403,"<="&EOMONTH(N5,0),AGENDA!$H$4:$H$403,"Concluído") -> 0 | P5: =SUMIFS(AGENDA!$P$4:$P$403,AGENDA!$A$4:$A$403,">="&N5,AGENDA!$A$4:$A$403,"<="&EOMONTH(N5,0),AGENDA!$H$4:$H$403,"Concluído") -> 0 | Q5: =SUMIFS(AGENDA!$Q$4:$Q$403,AGENDA!$U$4:$U$403,">="&N5,AGENDA!$U$4:$U$403,"<="&EOMONTH(N5,0)) -> 0
N6: =DATE(CONFIG!$B$6,ROW()-3,1) -> 46082 | O6: =COUNTIFS(AGENDA!$A$4:$A$403,">="&N6,AGENDA!$A$4:$A$403,"<="&EOMONTH(N6,0),AGENDA!$H$4:$H$403,"Concluído") -> 0 | P6: =SUMIFS(AGENDA!$P$4:$P$403,AGENDA!$A$4:$A$403,">="&N6,AGENDA!$A$4:$A$403,"<="&EOMONTH(N6,0),AGENDA!$H$4:$H$403,"Concluído") -> 0 | Q6: =SUMIFS(AGENDA!$Q$4:$Q$403,AGENDA!$U$4:$U$403,">="&N6,AGENDA!$U$4:$U$403,"<="&EOMONTH(N6,0)) -> 0
A7: Recebido no mês | D7: A receber | G7: ALERTAS OPERACIONAIS | N7: =DATE(CONFIG!$B$6,ROW()-3,1) -> 46113 | O7: =COUNTIFS(AGENDA!$A$4:$A$403,">="&N7,AGENDA!$A$4:$A$403,"<="&EOMONTH(N7,0),AGENDA!$H$4:$H$403,"Concluído") -> 0 | P7: =SUMIFS(AGENDA!$P$4:$P$403,AGENDA!$A$4:$A$403,">="&N7,AGENDA!$A$4:$A$403,"<="&EOMONTH(N7,0),AGENDA!$H$4:$H$403,"Concluído") -> 0 | Q7: =SUMIFS(AGENDA!$Q$4:$Q$403,AGENDA!$U$4:$U$403,">="&N7,AGENDA!$U$4:$U$403,"<="&EOMONTH(N7,0)) -> 0
A8: =SUMIFS(AGENDA!$Q$4:$Q$403,AGENDA!$U$4:$U$403,">="&EOMONTH(TODAY(),-1)+1,AGENDA!$U$4:$U$403,"<="&EOMONTH(TODAY(),0)) -> 400 | D8: =SUMIFS(AGENDA!$R$4:$R$403,AGENDA!$S$4:$S$403,"PENDENTE")+SUMIFS(AGENDA!$R$4:$R$403,AGENDA!$S$4:$S$403,"PARCIAL") -> 960 | G8: Conflitos ativos | J8: =COUNTIF(AGENDA!$Z$4:$Z$403,"CONFLITO") -> 0 | N8: =DATE(CONFIG!$B$6,ROW()-3,1) -> 46143 | O8: =COUNTIFS(AGENDA!$A$4:$A$403,">="&N8,AGENDA!$A$4:$A$403,"<="&EOMONTH(N8,0),AGENDA!$H$4:$H$403,"Concluído") -> 0 | P8: =SUMIFS(AGENDA!$P$4:$P$403,AGENDA!$A$4:$A$403,">="&N8,AGENDA!$A$4:$A$403,"<="&EOMONTH(N8,0),AGENDA!$H$4:$H$403,"Concluído") -> 0 | Q8: =SUMIFS(AGENDA!$Q$4:$Q$403,AGENDA!$U$4:$U$403,">="&N8,AGENDA!$U$4:$U$403,"<="&EOMONTH(N8,0)) -> 0
G9: Agendamentos passados sem baixa | J9: =COUNTIF(AGENDA!$Y$4:$Y$403,"AGENDAMENTO PASSADO") -> 0 | N9: =DATE(CONFIG!$B$6,ROW()-3,1) -> 46174 | O9: =COUNTIFS(AGENDA!$A$4:$A$403,">="&N9,AGENDA!$A$4:$A$403,"<="&EOMONTH(N9,0),AGENDA!$H$4:$H$403,"Concluído") -> 0 | P9: =SUMIFS(AGENDA!$P$4:$P$403,AGENDA!$A$4:$A$403,">="&N9,AGENDA!$A$4:$A$403,"<="&EOMONTH(N9,0),AGENDA!$H$4:$H$403,"Concluído") -> 0 | Q9: =SUMIFS(AGENDA!$Q$4:$Q$403,AGENDA!$U$4:$U$403,">="&N9,AGENDA!$U$4:$U$403,"<="&EOMONTH(N9,0)) -> 0
G10: Confirmar amanhã | J10: =COUNTIFS(AGENDA!$A$4:$A$403,TODAY()+1,AGENDA!$H$4:$H$403,"Agendado",AGENDA!$I$4:$I$403,"Pendente") -> 1 | N10: =DATE(CONFIG!$B$6,ROW()-3,1) -> 46204 | O10: =COUNTIFS(AGENDA!$A$4:$A$403,">="&N10,AGENDA!$A$4:$A$403,"<="&EOMONTH(N10,0),AGENDA!$H$4:$H$403,"Concluído") -> 3 | P10: =SUMIFS(AGENDA!$P$4:$P$403,AGENDA!$A$4:$A$403,">="&N10,AGENDA!$A$4:$A$403,"<="&EOMONTH(N10,0),AGENDA!$H$4:$H$403,"Concluído") -> 550 | Q10: =SUMIFS(AGENDA!$Q$4:$Q$403,AGENDA!$U$4:$U$403,">="&N10,AGENDA!$U$4:$U$403,"<="&EOMONTH(N10,0)) -> 550
N11: =DATE(CONFIG!$B$6,ROW()-3,1) -> 46235 | O11: =COUNTIFS(AGENDA!$A$4:$A$403,">="&N11,AGENDA!$A$4:$A$403,"<="&EOMONTH(N11,0),AGENDA!$H$4:$H$403,"Concluído") -> 2 | P11: =SUMIFS(AGENDA!$P$4:$P$403,AGENDA!$A$4:$A$403,">="&N11,AGENDA!$A$4:$A$403,"<="&EOMONTH(N11,0),AGENDA!$H$4:$H$403,"Concluído") -> 390 | Q11: =SUMIFS(AGENDA!$Q$4:$Q$403,AGENDA!$U$4:$U$403,">="&N11,AGENDA!$U$4:$U$403,"<="&EOMONTH(N11,0)) -> 400
N12: =DATE(CONFIG!$B$6,ROW()-3,1) -> 46266 | O12: =COUNTIFS(AGENDA!$A$4:$A$403,">="&N12,AGENDA!$A$4:$A$403,"<="&EOMONTH(N12,0),AGENDA!$H$4:$H$403,"Concluído") -> 0 | P12: =SUMIFS(AGENDA!$P$4:$P$403,AGENDA!$A$4:$A$403,">="&N12,AGENDA!$A$4:$A$403,"<="&EOMONTH(N12,0),AGENDA!$H$4:$H$403,"Concluído") -> 0 | Q12: =SUMIFS(AGENDA!$Q$4:$Q$403,AGENDA!$U$4:$U$403,">="&N12,AGENDA!$U$4:$U$403,"<="&EOMONTH(N12,0)) -> 0
N13: =DATE(CONFIG!$B$6,ROW()-3,1) -> 46296 | O13: =COUNTIFS(AGENDA!$A$4:$A$403,">="&N13,AGENDA!$A$4:$A$403,"<="&EOMONTH(N13,0),AGENDA!$H$4:$H$403,"Concluído") -> 0 | P13: =SUMIFS(AGENDA!$P$4:$P$403,AGENDA!$A$4:$A$403,">="&N13,AGENDA!$A$4:$A$403,"<="&EOMONTH(N13,0),AGENDA!$H$4:$H$403,"Concluído") -> 0 | Q13: =SUMIFS(AGENDA!$Q$4:$Q$403,AGENDA!$U$4:$U$403,">="&N13,AGENDA!$U$4:$U$403,"<="&EOMONTH(N13,0)) -> 0
N14: =DATE(CONFIG!$B$6,ROW()-3,1) -> 46327 | O14: =COUNTIFS(AGENDA!$A$4:$A$403,">="&N14,AGENDA!$A$4:$A$403,"<="&EOMONTH(N14,0),AGENDA!$H$4:$H$403,"Concluído") -> 0 | P14: =SUMIFS(AGENDA!$P$4:$P$403,AGENDA!$A$4:$A$403,">="&N14,AGENDA!$A$4:$A$403,"<="&EOMONTH(N14,0),AGENDA!$H$4:$H$403,"Concluído") -> 0 | Q14: =SUMIFS(AGENDA!$Q$4:$Q$403,AGENDA!$U$4:$U$403,">="&N14,AGENDA!$U$4:$U$403,"<="&EOMONTH(N14,0)) -> 0
N15: =DATE(CONFIG!$B$6,ROW()-3,1) -> 46357 | O15: =COUNTIFS(AGENDA!$A$4:$A$403,">="&N15,AGENDA!$A$4:$A$403,"<="&EOMONTH(N15,0),AGENDA!$H$4:$H$403,"Concluído") -> 0 | P15: =SUMIFS(AGENDA!$P$4:$P$403,AGENDA!$A$4:$A$403,">="&N15,AGENDA!$A$4:$A$403,"<="&EOMONTH(N15,0),AGENDA!$H$4:$H$403,"Concluído") -> 0 | Q15: =SUMIFS(AGENDA!$Q$4:$Q$403,AGENDA!$U$4:$U$403,">="&N15,AGENDA!$U$4:$U$403,"<="&EOMONTH(N15,0)) -> 0
A29: Faturado usa a data do atendimento e considera serviços concluídos. Recebido usa a data efetiva de recebimento. A receber soma saldos pendentes e parciais.

Sheet INICIO
A1: CONTROLE DE SERVIÇOS E AGENDA — PROFISSIONAIS LIBERAIS
A2: Modelo para organizar agenda, histórico de atendimentos e recebimentos em uma única base.
A4: COMO USAR
A5: 1 | B5: CLIENTES | C5: Cadastre somente os dados de contato realmente necessários.
A6: 2 | B6: SERVICOS | C6: Ajuste serviços, duração, intervalo pós-atendimento e valor padrão.
A7: 3 | B7: CONFIG | C7: Troque os nomes dos profissionais e, se necessário, as listas.
A8: 4 | B8: AGENDA | C8: Registre um atendimento por linha. Campos azuis são entradas; fórmulas calculam horários, valores e alertas.
A9: 5 | B9: APÓS O SERVIÇO | C9: Atualize Status, Valor recebido, Forma de pagamento e Data recebimento.
A10: 6 | B10: DASHBOARD | C10: Acompanhe agenda, produção, faturamento, recebimentos e pendências.
A12: CONTROLES INCLUÍDOS
A13: Agenda | B13: data, horário, duração, intervalo e bloqueio | D13: PREMISSAS • Modelo genérico em R$. • Não calcula impostos, retenções, emissão fiscal ou contabilidade. • Não envia lembretes automaticamente; apenas sinaliza pendências. • O conflito usa atendimentos Agendados, duração e intervalo pós-serviço. • Exemplos são fictícios e podem ser apagados.
A14: Operação | B14: cliente, serviço, profissional, modalidade, local/link, status e confirmação
A15: Financeiro básico | B15: valor padrão, ajuste, valor final, recebido, saldo e status de pagamento
A16: Pós-atendimento | B16: próximo retorno e observações
A17: Alertas | B17: hoje, amanhã/confirmar, próximos dias, passado sem baixa e conflito
A18: Painel | B18: agendados, concluídos, faturado, recebido, a receber e tendências mensais
A19: Cancelamentos/faltas: se não houver cobrança, use Ajuste (+/-) para zerar o valor final; se houver, mantenha apenas o valor efetivamente devido.
A21: LEGENDA | D21: PESQUISA — corte 11/08/2026
A22: Azul | B22: entrada manual | D22: Agenda | E22: Confirmações e lembretes | F22: https://squareup.com/help/us/en/article/6729-customer-confirmations-with-square-appointments
A23: Verde | B23: fórmula entre abas | D23: Agenda | E23: Cancelamento, falta e pagamento | F23: https://squareup.com/help/us/en/article/5351-manage-your-square-appointments-account-settings
A24: Preto | B24: fórmula calculada | D24: Capacidade | E24: Duração e intervalo entre atendimentos | F24: https://support.google.com/calendar/answer/11423292?hl=en
A25: Vermelho/amarelo | B25: alerta/atenção | D25: Financeiro | E25: Pagamentos e saldos em aberto | F25: https://quickbooks.intuit.com/learn-support/en-us/help-article/invoicing/record-invoice-payments-quickbooks-online/L4ZadDW7F_US_en_US
D26: Excel | E26: Tabelas e validação de dados | F26: https://support.microsoft.com/en-us/excel/overview-of-excel-tables
A28: PRIVACIDADE E SEGURANÇA
A29: Guarde apenas dados necessários ao atendimento e cobrança. Evite dados sensíveis, senhas, documentos e anotações sigilosas neste arquivo genérico. Para profissões reguladas ou dados sensíveis, aplique controles de acesso e revisão humana.
A33: Versão 1.0 | Excel .xlsx | Sem macros | Funções consolidadas: SUMIFS, COUNTIFS, INDEX/MATCH, EOMONTH e TODAY.

Sheet AGENDA
A1: AGENDA E CONTROLE DE SERVIÇOS
A2: Uma linha = um agendamento/atendimento. Cadastre cliente e serviço antes; depois atualize status e recebimento.
A3: Data | B3: Hora início | C3: Cliente | D3: Serviço | E3: Responsável | F3: Modalidade | G3: Local / link | H3: Status | I3: Confirmação | J3: Duração (min) | K3: Intervalo pós (min) | L3: Hora fim | M3: Bloqueado até | N3: Valor tabela | O3: Ajuste (+/-) | P3: Valor final | Q3: Valor recebido | R3: Saldo | S3: Status pagamento | T3: Forma pagamento | U3: Data recebimento | V3: Origem | W3: Próximo retorno | X3: Observações | Y3: Alerta agenda | Z3: Conflito
A4: 46211 | B4: 0.375 | C4: Cliente Exemplo A | D4: Consulta inicial | E4: Profissional 1 | F4: Presencial | G4: Sala 1 | H4: Concluído | I4: Confirmado | J4: =IF(D4="","",IF(COUNTIF(SERVICOS!$A$3:$A$31,D4)=0,"",INDEX(SERVICOS!$C$3:$C$31,MATCH(D4,SERVICOS!$A$3:$A$31,0)))) -> 60 | K4: =IF(D4="","",IF(COUNTIF(SERVICOS!$A$3:$A$31,D4)=0,"",INDEX(SERVICOS!$D$3:$D$31,MATCH(D4,SERVICOS!$A$3:$A$31,0)))) -> 15 | L4: =IF(OR(B4="",J4=""),"",B4+J4/1440) -> 0.41666667 | M4: =IF(OR(L4="",K4=""),"",L4+K4/1440) -> 0.42708333 | N4: =IF(D4="","",IF(COUNTIF(SERVICOS!$A$3:$A$31,D4)=0,"",INDEX(SERVICOS!$E$3:$E$31,MATCH(D4,SERVICOS!$A$3:$A$31,0)))) -> 180 | O4: 0 | P4: =IF(N4="","",N4+IF(O4="",0,O4)) -> 180 | Q4: 180 | R4: =IF(D4="","",P4-IF(Q4="",0,Q4)) -> 0 | S4: =IF(D4="","",IF(P4<=0,"SEM COBRANÇA",IF(Q4>=P4,"PAGO",IF(Q4>0,"PARCIAL","PENDENTE")))) -> PAGO | T4: Pix | U4: 46211 | V4: Indicação | W4: 46246 | X4: Exemplo fictício | Y4: =IF(A4="","",IF(H4<>"Agendado","",IF(A4<TODAY(),"AGENDAMENTO PASSADO",IF(A4=TODAY(),"HOJE",IF(A4=TODAY()+1,IF(I4="Pendente","AMANHÃ - CONFIRMAR","AMANHÃ"),IF(A4<=TODAY()+CONFIG!$B$5,"PRÓXIMOS "&CONFIG!$B$5&" DIAS","")))))) | Z4: =IF(OR(A4="",B4="",M4="",E4="",H4<>"Agendado"),"",IF(COUNTIFS($A$4:$A$403,A4,$E$4:$E$403,E4,$B$4:$B$403,"<"&M4,$M$4:$M$403,">"&B4,$H$4:$H$403,"Agendado")>1,"CONFLITO",""))
A5: 46218 | B5: 0.58333333 | C5: Cliente Exemplo B | D5: Sessão online | E5: Profissional 1 | F5: Online | G5: Meet / link | H5: Concluído | I5: Confirmado | J5: =IF(D5="","",IF(COUNTIF(SERVICOS!$A$3:$A$31,D5)=0,"",INDEX(SERVICOS!$C$3:$C$31,MATCH(D5,SERVICOS!$A$3:$A$31,0)))) -> 60 | K5: =IF(D5="","",IF(COUNTIF(SERVICOS!$A$3:$A$31,D5)=0,"",INDEX(SERVICOS!$D$3:$D$31,MATCH(D5,SERVICOS!$A$3:$A$31,0)))) -> 10 | L5: =IF(OR(B5="",J5=""),"",B5+J5/1440) -> 0.625 | M5: =IF(OR(L5="",K5=""),"",L5+K5/1440) -> 0.63194444 | N5: =IF(D5="","",IF(COUNTIF(SERVICOS!$A$3:$A$31,D5)=0,"",INDEX(SERVICOS!$E$3:$E$31,MATCH(D5,SERVICOS!$A$3:$A$31,0)))) -> 160 | O5: -10 | P5: =IF(N5="","",N5+IF(O5="",0,O5)) -> 150 | Q5: 150 | R5: =IF(D5="","",P5-IF(Q5="",0,Q5)) -> 0 | S5: =IF(D5="","",IF(P5<=0,"SEM COBRANÇA",IF(Q5>=P5,"PAGO",IF(Q5>0,"PARCIAL","PENDENTE")))) -> PAGO | T5: Pix | U5: 46218 | V5: Google | W5: 46253 | X5: Exemplo fictício | Y5: =IF(A5="","",IF(H5<>"Agendado","",IF(A5<TODAY(),"AGENDAMENTO PASSADO",IF(A5=TODAY(),"HOJE",IF(A5=TODAY()+1,IF(I5="Pendente","AMANHÃ - CONFIRMAR","AMANHÃ"),IF(A5<=TODAY()+CONFIG!$B$5,"PRÓXIMOS "&CONFIG!$B$5&" DIAS","")))))) | Z5: =IF(OR(A5="",B5="",M5="",E5="",H5<>"Agendado"),"",IF(COUNTIFS($A$4:$A$403,A5,$E$4:$E$403,E5,$B$4:$B$403,"<"&M5,$M$4:$M$403,">"&B5,$H$4:$H$403,"Agendado")>1,"CONFLITO",""))
A6: 46225 | B6: 0.41666667 | C6: Cliente Exemplo C | D6: Retorno | E6: Profissional 1 | F6: Presencial | G6: Sala 1 | H6: Faltou | I6: Confirmado | J6: =IF(D6="","",IF(COUNTIF(SERVICOS!$A$3:$A$31,D6)=0,"",INDEX(SERVICOS!$C$3:$C$31,MATCH(D6,SERVICOS!$A$3:$A$31,0)))) -> 45 | K6: =IF(D6="","",IF(COUNTIF(SERVICOS!$A$3:$A$31,D6)=0,"",INDEX(SERVICOS!$D$3:$D$31,MATCH(D6,SERVICOS!$A$3:$A$31,0)))) -> 10 | L6: =IF(OR(B6="",J6=""),"",B6+J6/1440) -> 0.44791667 | M6: =IF(OR(L6="",K6=""),"",L6+K6/1440) -> 0.45486111 | N6: =IF(D6="","",IF(COUNTIF(SERVICOS!$A$3:$A$31,D6)=0,"",INDEX(SERVICOS!$E$3:$E$31,MATCH(D6,SERVICOS!$A$3:$A$31,0)))) -> 140 | O6: -140 | P6: =IF(N6="","",N6+IF(O6="",0,O6)) -> 0 | Q6: 0 | R6: =IF(D6="","",P6-IF(Q6="",0,Q6)) -> 0 | S6: =IF(D6="","",IF(P6<=0,"SEM COBRANÇA",IF(Q6>=P6,"PAGO",IF(Q6>0,"PARCIAL","PENDENTE")))) -> SEM COBRANÇA | V6: Cliente recorrente | X6: Exemplo fictício | Y6: =IF(A6="","",IF(H6<>"Agendado","",IF(A6<TODAY(),"AGENDAMENTO PASSADO",IF(A6=TODAY(),"HOJE",IF(A6=TODAY()+1,IF(I6="Pendente","AMANHÃ - CONFIRMAR","AMANHÃ"),IF(A6<=TODAY()+CONFIG!$B$5,"PRÓXIMOS "&CONFIG!$B$5&" DIAS","")))))) | Z6: =IF(OR(A6="",B6="",M6="",E6="",H6<>"Agendado"),"",IF(COUNTIFS($A$4:$A$403,A6,$E$4:$E$403,E6,$B$4:$B$403,"<"&M6,$M$4:$M$403,">"&B6,$H$4:$H$403,"Agendado")>1,"CONFLITO",""))
A7: 46232 | B7: 0.66666667 | C7: Cliente Exemplo D | D7: Consultoria 60 min | E7: Profissional 2 | F7: Online | G7: Meet / link | H7: Concluído | I7: Dispensado | J7: =IF(D7="","",IF(COUNTIF(SERVICOS!$A$3:$A$31,D7)=0,"",INDEX(SERVICOS!$C$3:$C$31,MATCH(D7,SERVICOS!$A$3:$A$31,0)))) -> 60 | K7: =IF(D7="","",IF(COUNTIF(SERVICOS!$A$3:$A$31,D7)=0,"",INDEX(SERVICOS!$D$3:$D$31,MATCH(D7,SERVICOS!$A$3:$A$31,0)))) -> 15 | L7: =IF(OR(B7="",J7=""),"",B7+J7/1440) -> 0.70833333 | M7: =IF(OR(L7="",K7=""),"",L7+K7/1440) -> 0.71875 | N7: =IF(D7="","",IF(COUNTIF(SERVICOS!$A$3:$A$31,D7)=0,"",INDEX(SERVICOS!$E$3:$E$31,MATCH(D7,SERVICOS!$A$3:$A$31,0)))) -> 220 | O7: 0 | P7: =IF(N7="","",N7+IF(O7="",0,O7)) -> 220 | Q7: 220 | R7: =IF(D7="","",P7-IF(Q7="",0,Q7)) -> 0 | S7: =IF(D7="","",IF(P7<=0,"SEM COBRANÇA",IF(Q7>=P7,"PAGO",IF(Q7>0,"PARCIAL","PENDENTE")))) -> PAGO | T7: Transferência | U7: 46233 | V7: Instagram | X7: Exemplo fictício | Y7: =IF(A7="","",IF(H7<>"Agendado","",IF(A7<TODAY(),"AGENDAMENTO PASSADO",IF(A7=TODAY(),"HOJE",IF(A7=TODAY()+1,IF(I7="Pendente","AMANHÃ - CONFIRMAR","AMANHÃ"),IF(A7<=TODAY()+CONFIG!$B$5,"PRÓXIMOS "&CONFIG!$B$5&" DIAS","")))))) | Z7: =IF(OR(A7="",B7="",M7="",E7="",H7<>"Agendado"),"",IF(COUNTIFS($A$4:$A$403,A7,$E$4:$E$403,E7,$B$4:$B$403,"<"&M7,$M$4:$M$403,">"&B7,$H$4:$H$403,"Agendado")>1,"CONFLITO",""))
A8: 46237 | B8: 0.35416667 | C8: Cliente Exemplo E | D8: Avaliação | E8: Profissional 1 | F8: Presencial | G8: Sala 1 | H8: Concluído | I8: Confirmado | J8: =IF(D8="","",IF(COUNTIF(SERVICOS!$A$3:$A$31,D8)=0,"",INDEX(SERVICOS!$C$3:$C$31,MATCH(D8,SERVICOS!$A$3:$A$31,0)))) -> 90 | K8: =IF(D8="","",IF(COUNTIF(SERVICOS!$A$3:$A$31,D8)=0,"",INDEX(SERVICOS!$D$3:$D$31,MATCH(D8,SERVICOS!$A$3:$A$31,0)))) -> 15 | L8: =IF(OR(B8="",J8=""),"",B8+J8/1440) -> 0.41666667 | M8: =IF(OR(L8="",K8=""),"",L8+K8/1440) -> 0.42708333 | N8: =IF(D8="","",IF(COUNTIF(SERVICOS!$A$3:$A$31,D8)=0,"",INDEX(SERVICOS!$E$3:$E$31,MATCH(D8,SERVICOS!$A$3:$A$31,0)))) -> 250 | O8: 0 | P8: =IF(N8="","",N8+IF(O8="",0,O8)) -> 250 | Q8: 250 | R8: =IF(D8="","",P8-IF(Q8="",0,Q8)) -> 0 | S8: =IF(D8="","",IF(P8<=0,"SEM COBRANÇA",IF(Q8>=P8,"PAGO",IF(Q8>0,"PARCIAL","PENDENTE")))) -> PAGO | T8: Cartão crédito | U8: 46237 | V8: Indicação | X8: Exemplo fictício | Y8: =IF(A8="","",IF(H8<>"Agendado","",IF(A8<TODAY(),"AGENDAMENTO PASSADO",IF(A8=TODAY(),"HOJE",IF(A8=TODAY()+1,IF(I8="Pendente","AMANHÃ - CONFIRMAR","AMANHÃ"),IF(A8<=TODAY()+CONFIG!$B$5,"PRÓXIMOS "&CONFIG!$B$5&" DIAS","")))))) | Z8: =IF(OR(A8="",B8="",M8="",E8="",H8<>"Agendado"),"",IF(COUNTIFS($A$4:$A$403,A8,$E$4:$E$403,E8,$B$4:$B$403,"<"&M8,$M$4:$M$403,">"&B8,$H$4:$H$403,"Agendado")>1,"CONFLITO",""))
A9: 46239 | B9: 0.625 | C9: Cliente Exemplo F | D9: Sessão online | E9: Profissional 1 | F9: Online | G9: Meet / link | H9: Cancelado | I9: Pendente | J9: =IF(D9="","",IF(COUNTIF(SERVICOS!$A$3:$A$31,D9)=0,"",INDEX(SERVICOS!$C$3:$C$31,MATCH(D9,SERVICOS!$A$3:$A$31,0)))) -> 60 | K9: =IF(D9="","",IF(COUNTIF(SERVICOS!$A$3:$A$31,D9)=0,"",INDEX(SERVICOS!$D$3:$D$31,MATCH(D9,SERVICOS!$A$3:$A$31,0)))) -> 10 | L9: =IF(OR(B9="",J9=""),"",B9+J9/1440) -> 0.66666667 | M9: =IF(OR(L9="",K9=""),"",L9+K9/1440) -> 0.67361111 | N9: =IF(D9="","",IF(COUNTIF(SERVICOS!$A$3:$A$31,D9)=0,"",INDEX(SERVICOS!$E$3:$E$31,MATCH(D9,SERVICOS!$A$3:$A$31,0)))) -> 160 | O9: -160 | P9: =IF(N9="","",N9+IF(O9="",0,O9)) -> 0 | Q9: 0 | R9: =IF(D9="","",P9-IF(Q9="",0,Q9)) -> 0 | S9: =IF(D9="","",IF(P9<=0,"SEM COBRANÇA",IF(Q9>=P9,"PAGO",IF(Q9>0,"PARCIAL","PENDENTE")))) -> SEM COBRANÇA | V9: WhatsApp | X9: Exemplo fictício | Y9: =IF(A9="","",IF(H9<>"Agendado","",IF(A9<TODAY(),"AGENDAMENTO PASSADO",IF(A9=TODAY(),"HOJE",IF(A9=TODAY()+1,IF(I9="Pendente","AMANHÃ - CONFIRMAR","AMANHÃ"),IF(A9<=TODAY()+CONFIG!$B$5,"PRÓXIMOS "&CONFIG!$B$5&" DIAS","")))))) | Z9: =IF(OR(A9="",B9="",M9="",E9="",H9<>"Agendado"),"",IF(COUNTIFS($A$4:$A$403,A9,$E$4:$E$403,E9,$B$4:$B$403,"<"&M9,$M$4:$M$403,">"&B9,$H$4:$H$403,"Agendado")>1,"CONFLITO",""))
A10: 46242 | B10: 0.45833333 | C10: Cliente Exemplo A | D10: Retorno | E10: Profissional 1 | F10: Presencial | G10: Sala 1 | H10: Concluído | I10: Confirmado | J10: =IF(D10="","",IF(COUNTIF(SERVICOS!$A$3:$A$31,D10)=0,"",INDEX(SERVICOS!$C$3:$C$31,MATCH(D10,SERVICOS!$A$3:$A$31,0)))) -> 45 | K10: =IF(D10="","",IF(COUNTIF(SERVICOS!$A$3:$A$31,D10)=0,"",INDEX(SERVICOS!$D$3:$D$31,MATCH(D10,SERVICOS!$A$3:$A$31,0)))) -> 10 | L10: =IF(OR(B10="",J10=""),"",B10+J10/1440) -> 0.48958333 | M10: =IF(OR(L10="",K10=""),"",L10+K10/1440) -> 0.49652778 | N10: =IF(D10="","",IF(COUNTIF(SERVICOS!$A$3:$A$31,D10)=0,"",INDEX(SERVICOS!$E$3:$E$31,MATCH(D10,SERVICOS!$A$3:$A$31,0)))) -> 140 | O10: 0 | P10: =IF(N10="","",N10+IF(O10="",0,O10)) -> 140 | Q10: 100 | R10: =IF(D10="","",P10-IF(Q10="",0,Q10)) -> 40 | S10: =IF(D10="","",IF(P10<=0,"SEM COBRANÇA",IF(Q10>=P10,"PAGO",IF(Q10>0,"PARCIAL","PENDENTE")))) -> PARCIAL | T10: Pix | U10: 46242 | V10: Cliente recorrente | X10: Recebimento parcial de exemplo | Y10: =IF(A10="","",IF(H10<>"Agendado","",IF(A10<TODAY(),"AGENDAMENTO PASSADO",IF(A10=TODAY(),"HOJE",IF(A10=TODAY()+1,IF(I10="Pendente","AMANHÃ - CONFIRMAR","AMANHÃ"),IF(A10<=TODAY()+CONFIG!$B$5,"PRÓXIMOS "&CONFIG!$B$5&" DIAS","")))))) | Z10: =IF(OR(A10="",B10="",M10="",E10="",H10<>"Agendado"),"",IF(COUNTIFS($A$4:$A$403,A10,$E$4:$E$403,E10,$B$4:$B$403,"<"&M10,$M$4:$M$403,">"&B10,$H$4:$H$403,"Agendado")>1,"CONFLITO",""))
A11: 46245 | B11: 0.375 | C11: Cliente Exemplo B | D11: Sessão online | E11: Profissional 1 | F11: Online | G11: Meet / link | H11: Agendado | I11: Confirmado | J11: =IF(D11="","",IF(COUNTIF(SERVICOS!$A$3:$A$31,D11)=0,"",INDEX(SERVICOS!$C$3:$C$31,MATCH(D11,SERVICOS!$A$3:$A$31,0)))) -> 60 | K11: =IF(D11="","",IF(COUNTIF(SERVICOS!$A$3:$A$31,D11)=0,"",INDEX(SERVICOS!$D$3:$D$31,MATCH(D11,SERVICOS!$A$3:$A$31,0)))) -> 10 | L11: =IF(OR(B11="",J11=""),"",B11+J11/1440) -> 0.41666667 | M11: =IF(OR(L11="",K11=""),"",L11+K11/1440) -> 0.42361111 | N11: =IF(D11="","",IF(COUNTIF(SERVICOS!$A$3:$A$31,D11)=0,"",INDEX(SERVICOS!$E$3:$E$31,MATCH(D11,SERVICOS!$A$3:$A$31,0)))) -> 160 | O11: 0 | P11: =IF(N11="","",N11+IF(O11="",0,O11)) -> 160 | Q11: 0 | R11: =IF(D11="","",P11-IF(Q11="",0,Q11)) -> 160 | S11: =IF(D11="","",IF(P11<=0,"SEM COBRANÇA",IF(Q11>=P11,"PAGO",IF(Q11>0,"PARCIAL","PENDENTE")))) -> PENDENTE | V11: Cliente recorrente | X11: Hoje | Y11: =IF(A11="","",IF(H11<>"Agendado","",IF(A11<TODAY(),"AGENDAMENTO PASSADO",IF(A11=TODAY(),"HOJE",IF(A11=TODAY()+1,IF(I11="Pendente","AMANHÃ - CONFIRMAR","AMANHÃ"),IF(A11<=TODAY()+CONFIG!$B$5,"PRÓXIMOS "&CONFIG!$B$5&" DIAS","")))))) -> HOJE | Z11: =IF(OR(A11="",B11="",M11="",E11="",H11<>"Agendado"),"",IF(COUNTIFS($A$4:$A$403,A11,$E$4:$E$403,E11,$B$4:$B$403,"<"&M11,$M$4:$M$403,">"&B11,$H$4:$H$403,"Agendado")>1,"CONFLITO",""))
A12: 46246 | B12: 0.41666667 | C12: Cliente Exemplo C | D12: Consulta inicial | E12: Profissional 1 | F12: Presencial | G12: Sala 1 | H12: Agendado | I12: Pendente | J12: =IF(D12="","",IF(COUNTIF(SERVICOS!$A$3:$A$31,D12)=0,"",INDEX(SERVICOS!$C$3:$C$31,MATCH(D12,SERVICOS!$A$3:$A$31,0)))) -> 60 | K12: =IF(D12="","",IF(COUNTIF(SERVICOS!$A$3:$A$31,D12)=0,"",INDEX(SERVICOS!$D$3:$D$31,MATCH(D12,SERVICOS!$A$3:$A$31,0)))) -> 15 | L12: =IF(OR(B12="",J12=""),"",B12+J12/1440) -> 0.45833333 | M12: =IF(OR(L12="",K12=""),"",L12+K12/1440) -> 0.46875 | N12: =IF(D12="","",IF(COUNTIF(SERVICOS!$A$3:$A$31,D12)=0,"",INDEX(SERVICOS!$E$3:$E$31,MATCH(D12,SERVICOS!$A$3:$A$31,0)))) -> 180 | O12: 0 | P12: =IF(N12="","",N12+IF(O12="",0,O12)) -> 180 | Q12: 50 | R12: =IF(D12="","",P12-IF(Q12="",0,Q12)) -> 130 | S12: =IF(D12="","",IF(P12<=0,"SEM COBRANÇA",IF(Q12>=P12,"PAGO",IF(Q12>0,"PARCIAL","PENDENTE")))) -> PARCIAL | T12: Pix | U12: 46244 | V12: Google | X12: Sinal recebido | Y12: =IF(A12="","",IF(H12<>"Agendado","",IF(A12<TODAY(),"AGENDAMENTO PASSADO",IF(A12=TODAY(),"HOJE",IF(A12=TODAY()+1,IF(I12="Pendente","AMANHÃ - CONFIRMAR","AMANHÃ"),IF(A12<=TODAY()+CONFIG!$B$5,"PRÓXIMOS "&CONFIG!$B$5&" DIAS","")))))) -> AMANHÃ - CONFIRMAR | Z12: =IF(OR(A12="",B12="",M12="",E12="",H12<>"Agendado"),"",IF(COUNTIFS($A$4:$A$403,A12,$E$4:$E$403,E12,$B$4:$B$403,"<"&M12,$M$4:$M$403,">"&B12,$H$4:$H$403,"Agendado")>1,"CONFLITO",""))
A13: 46247 | B13: 0.58333333 | C13: Cliente Exemplo D | D13: Consultoria 60 min | E13: Profissional 2 | F13: Online | G13: Meet / link | H13: Agendado | I13: Confirmado | J13: =IF(D13="","",IF(COUNTIF(SERVICOS!$A$3:$A$31,D13)=0,"",INDEX(SERVICOS!$C$3:$C$31,MATCH(D13,SERVICOS!$A$3:$A$31,0)))) -> 60 | K13: =IF(D13="","",IF(COUNTIF(SERVICOS!$A$3:$A$31,D13)=0,"",INDEX(SERVICOS!$D$3:$D$31,MATCH(D13,SERVICOS!$A$3:$A$31,0)))) -> 15 | L13: =IF(OR(B13="",J13=""),"",B13+J13/1440) -> 0.625 | M13: =IF(OR(L13="",K13=""),"",L13+K13/1440) -> 0.63541667 | N13: =IF(D13="","",IF(COUNTIF(SERVICOS!$A$3:$A$31,D13)=0,"",INDEX(SERVICOS!$E$3:$E$31,MATCH(D13,SERVICOS!$A$3:$A$31,0)))) -> 220 | O13: 20 | P13: =IF(N13="","",N13+IF(O13="",0,O13)) -> 240 | Q13: 0 | R13: =IF(D13="","",P13-IF(Q13="",0,Q13)) -> 240 | S13: =IF(D13="","",IF(P13<=0,"SEM COBRANÇA",IF(Q13>=P13,"PAGO",IF(Q13>0,"PARCIAL","PENDENTE")))) -> PENDENTE | V13: Instagram | X13: Ajuste positivo de exemplo | Y13: =IF(A13="","",IF(H13<>"Agendado","",IF(A13<TODAY(),"AGENDAMENTO PASSADO",IF(A13=TODAY(),"HOJE",IF(A13=TODAY()+1,IF(I13="Pendente","AMANHÃ - CONFIRMAR","AMANHÃ"),IF(A13<=TODAY()+CONFIG!$B$5,"PRÓXIMOS "&CONFIG!$B$5&" DIAS","")))))) -> PRÓXIMOS 7 DIAS | Z13: =IF(OR(A13="",B13="",M13="",E13="",H13<>"Agendado"),"",IF(COUNTIFS($A$4:$A$403,A13,$E$4:$E$403,E13,$B$4:$B$403,"<"&M13,$M$4:$M$403,">"&B13,$H$4:$H$403,"Agendado")>1,"CONFLITO",""))
A14: 46251 | B14: 0.375 | C14: Cliente Exemplo E | D14: Avaliação | E14: Profissional 1 | F14: Presencial | G14: Sala 1 | H14: Agendado | I14: Pendente | J14: =IF(D14="","",IF(COUNTIF(SERVICOS!$A$3:$A$31,D14)=0,"",INDEX(SERVICOS!$C$3:$C$31,MATCH(D14,SERVICOS!$A$3:$A$31,0)))) -> 90 | K14: =IF(D14="","",IF(COUNTIF(SERVICOS!$A$3:$A$31,D14)=0,"",INDEX(SERVICOS!$D$3:$D$31,MATCH(D14,SERVICOS!$A$3:$A$31,0)))) -> 15 | L14: =IF(OR(B14="",J14=""),"",B14+J14/1440) -> 0.4375 | M14: =IF(OR(L14="",K14=""),"",L14+K14/1440) -> 0.44791667 | N14: =IF(D14="","",IF(COUNTIF(SERVICOS!$A$3:$A$31,D14)=0,"",INDEX(SERVICOS!$E$3:$E$31,MATCH(D14,SERVICOS!$A$3:$A$31,0)))) -> 250 | O14: 0 | P14: =IF(N14="","",N14+IF(O14="",0,O14)) -> 250 | Q14: 0 | R14: =IF(D14="","",P14-IF(Q14="",0,Q14)) -> 250 | S14: =IF(D14="","",IF(P14<=0,"SEM COBRANÇA",IF(Q14>=P14,"PAGO",IF(Q14>0,"PARCIAL","PENDENTE")))) -> PENDENTE | V14: Indicação | X14: Exemplo fictício | Y14: =IF(A14="","",IF(H14<>"Agendado","",IF(A14<TODAY(),"AGENDAMENTO PASSADO",IF(A14=TODAY(),"HOJE",IF(A14=TODAY()+1,IF(I14="Pendente","AMANHÃ - CONFIRMAR","AMANHÃ"),IF(A14<=TODAY()+CONFIG!$B$5,"PRÓXIMOS "&CONFIG!$B$5&" DIAS","")))))) -> PRÓXIMOS 7 DIAS | Z14: =IF(OR(A14="",B14="",M14="",E14="",H14<>"Agendado"),"",IF(COUNTIFS($A$4:$A$403,A14,$E$4:$E$403,E14,$B$4:$B$403,"<"&M14,$M$4:$M$403,">"&B14,$H$4:$H$403,"Agendado")>1,"CONFLITO",""))
A15: 46259 | B15: 0.66666667 | C15: Cliente Exemplo F | D15: Retorno | E15: Profissional 1 | F15: Presencial | G15: Sala 1 | H15: Agendado | I15: Confirmado | J15: =IF(D15="","",IF(COUNTIF(SERVICOS!$A$3:$A$31,D15)=0,"",INDEX(SERVICOS!$C$3:$C$31,MATCH(D15,SERVICOS!$A$3:$A$31,0)))) -> 45 | K15: =IF(D15="","",IF(COUNTIF(SERVICOS!$A$3:$A$31,D15)=0,"",INDEX(SERVICOS!$D$3:$D$31,MATCH(D15,SERVICOS!$A$3:$A$31,0)))) -> 10 | L15: =IF(OR(B15="",J15=""),"",B15+J15/1440) -> 0.69791667 | M15: =IF(OR(L15="",K15=""),"",L15+K15/1440) -> 0.70486111 | N15: =IF(D15="","",IF(COUNTIF(SERVICOS!$A$3:$A$31,D15)=0,"",INDEX(SERVICOS!$E$3:$E$31,MATCH(D15,SERVICOS!$A$3:$A$31,0)))) -> 140 | O15: 0 | P15: =IF(N15="","",N15+IF(O15="",0,O15)) -> 140 | Q15: 0 | R15: =IF(D15="","",P15-IF(Q15="",0,Q15)) -> 140 | S15: =IF(D15="","",IF(P15<=0,"SEM COBRANÇA",IF(Q15>=P15,"PAGO",IF(Q15>0,"PARCIAL","PENDENTE")))) -> PENDENTE | V15: WhatsApp | X15: Exemplo fictício | Y15: =IF(A15="","",IF(H15<>"Agendado","",IF(A15<TODAY(),"AGENDAMENTO PASSADO",IF(A15=TODAY(),"HOJE",IF(A15=TODAY()+1,IF(I15="Pendente","AMANHÃ - CONFIRMAR","AMANHÃ"),IF(A15<=TODAY()+CONFIG!$B$5,"PRÓXIMOS "&CONFIG!$B$5&" DIAS","")))))) | Z15: =IF(OR(A15="",B15="",M15="",E15="",H15<>"Agendado"),"",IF(COUNTIFS($A$4:$A$403,A15,$E$4:$E$403,E15,$B$4:$B$403,"<"&M15,$M$4:$M$403,">"&B15,$H$4:$H$403,"Agendado")>1,"CONFLITO",""))
J16: =IF(D16="","",IF(COUNTIF(SERVICOS!$A$3:$A$31,D16)=0,"",INDEX(SERVICOS!$C$3:$C$31,MATCH(D16,SERVICOS!$A$3:$A$31,0)))) | K16: =IF(D16="","",IF(COUNTIF(SERVICOS!$A$3:$A$31,D16)=0,"",INDEX(SERVICOS!$D$3:$D$31,MATCH(D16,SERVICOS!$A$3:$A$31,0)))) | L16: =IF(OR(B16="",J16=""),"",B16+J16/1440) | M16: =IF(OR(L16="",K16=""),"",L16+K16/1440) | N16: =IF(D16="","",IF(COUNTIF(SERVICOS!$A$3:$A$31,D16)=0,"",INDEX(SERVICOS!$E$3:$E$31,MATCH(D16,SERVICOS!$A$3:$A$31,0)))) | P16: =IF(N16="","",N16+IF(O16="",0,O16)) | R16: =IF(D16="","",P16-IF(Q16="",0,Q16)) | S16: =IF(D16="","",IF(P16<=0,"SEM COBRANÇA",IF(Q16>=P16,"PAGO",IF(Q16>0,"PARCIAL","PENDENTE")))) | Y16: =IF(A16="","",IF(H16<>"Agendado","",IF(A16<TODAY(),"AGENDAMENTO PASSADO",IF(A16=TODAY(),"HOJE",IF(A16=TODAY()+1,IF(I16="Pendente","AMANHÃ - CONFIRMAR","AMANHÃ"),IF(A16<=TODAY()+CONFIG!$B$5,"PRÓXIMOS "&CONFIG!$B$5&" DIAS","")))))) | Z16: =IF(OR(A16="",B16="",M16="",E16="",H16<>"Agendado"),"",IF(COUNTIFS($A$4:$A$403,A16,$E$4:$E$403,E16,$B$4:$B$403,"<"&M16,$M$4:$M$403,">"&B16,$H$4:$H$403,"Agendado")>1,"CONFLITO",""))
J17: =IF(D17="","",IF(COUNTIF(SERVICOS!$A$3:$A$31,D17)=0,"",INDEX(SERVICOS!$C$3:$C$31,MATCH(D17,SERVICOS!$A$3:$A$31,0)))) | K17: =IF(D17="","",IF(COUNTIF(SERVICOS!$A$3:$A$31,D17)=0,"",INDEX(SERVICOS!$D$3:$D$31,MATCH(D17,SERVICOS!$A$3:$A$31,0)))) | L17: =IF(OR(B17="",J17=""),"",B17+J17/1440) | M17: =IF(OR(L17="",K17=""),"",L17+K17/1440) | N17: =IF(D17="","",IF(COUNTIF(SERVICOS!$A$3:$A$31,D17)=0,"",INDEX(SERVICOS!$E$3:$E$31,MATCH(D17,SERVICOS!$A$3:$A$31,0)))) | P17: =IF(N17="","",N17+IF(O17="",0,O17)) | R17: =IF(D17="","",P17-IF(Q17="",0,Q17)) | S17: =IF(D17="","",IF(P17<=0,"SEM COBRANÇA",IF(Q17>=P17,"PAGO",IF(Q17>0,"PARCIAL","PENDENTE")))) | Y17: =IF(A17="","",IF(H17<>"Agendado","",IF(A17<TODAY(),"AGENDAMENTO PASSADO",IF(A17=TODAY(),"HOJE",IF(A17=TODAY()+1,IF(I17="Pendente","AMANHÃ - CONFIRMAR","AMANHÃ"),IF(A17<=TODAY()+CONFIG!$B$5,"PRÓXIMOS "&CONFIG!$B$5&" DIAS","")))))) | Z17: =IF(OR(A17="",B17="",M17="",E17="",H17<>"Agendado"),"",IF(COUNTIFS($A$4:$A$403,A17,$E$4:$E$403,E17,$B$4:$B$403,"<"&M17,$M$4:$M$403,">"&B17,$H$4:$H$403,"Agendado")>1,"CONFLITO",""))
J18: =IF(D18="","",IF(COUNTIF(SERVICOS!$A$3:$A$31,D18)=0,"",INDEX(SERVICOS!$C$3:$C$31,MATCH(D18,SERVICOS!$A$3:$A$31,0)))) | K18: =IF(D18="","",IF(COUNTIF(SERVICOS!$A$3:$A$31,D18)=0,"",INDEX(SERVICOS!$D$3:$D$31,MATCH(D18,SERVICOS!$A$3:$A$31,0)))) | L18: =IF(OR(B18="",J18=""),"",B18+J18/1440) | M18: =IF(OR(L18="",K18=""),"",L18+K18/1440) | N18: =IF(D18="","",IF(COUNTIF(SERVICOS!$A$3:$A$31,D18)=0,"",INDEX(SERVICOS!$E$3:$E$31,MATCH(D18,SERVICOS!$A$3:$A$31,0)))) | P18: =IF(N18="","",N18+IF(O18="",0,O18)) | R18: =IF(D18="","",P18-IF(Q18="",0,Q18)) | S18: =IF(D18="","",IF(P18<=0,"SEM COBRANÇA",IF(Q18>=P18,"PAGO",IF(Q18>0,"PARCIAL","PENDENTE")))) | Y18: =IF(A18="","",IF(H18<>"Agendado","",IF(A18<TODAY(),"AGENDAMENTO PASSADO",IF(A18=TODAY(),"HOJE",IF(A18=TODAY()+1,IF(I18="Pendente","AMANHÃ - CONFIRMAR","AMANHÃ"),IF(A18<=TODAY()+CONFIG!$B$5,"PRÓXIMOS "&CONFIG!$B$5&" DIAS","")))))) | Z18: =IF(OR(A18="",B18="",M18="",E18="",H18<>"Agendado"),"",IF(COUNTIFS($A$4:$A$403,A18,$E$4:$E$403,E18,$B$4:$B$403,"<"&M18,$M$4:$M$403,">"&B18,$H$4:$H$403,"Agendado")>1,"CONFLITO",""))
J19: =IF(D19="","",IF(COUNTIF(SERVICOS!$A$3:$A$31,D19)=0,"",INDEX(SERVICOS!$C$3:$C$31,MATCH(D19,SERVICOS!$A$3:$A$31,0)))) | K19: =IF(D19="","",IF(COUNTIF(SERVICOS!$A$3:$A$31,D19)=0,"",INDEX(SERVICOS!$D$3:$D$31,MATCH(D19,SERVICOS!$A$3:$A$31,0)))) | L19: =IF(OR(B19="",J19=""),"",B19+J19/1440) | M19: =IF(OR(L19="",K19=""),"",L19+K19/1440) | N19: =IF(D19="","",IF(COUNTIF(SERVICOS!$A$3:$A$31,D19)=0,"",INDEX(SERVICOS!$E$3:$E$31,MATCH(D19,SERVICOS!$A$3:$A$31,0)))) | P19: =IF(N19="","",N19+IF(O19="",0,O19)) | R19: =IF(D19="","",P19-IF(Q19="",0,Q19)) | S19: =IF(D19="","",IF(P19<=0,"SEM COBRANÇA",IF(Q19>=P19,"PAGO",IF(Q19>0,"PARCIAL","PENDENTE")))) | Y19: =IF(A19="","",IF(H19<>"Agendado","",IF(A19<TODAY(),"AGENDAMENTO PASSADO",IF(A19=TODAY(),"HOJE",IF(A19=TODAY()+1,IF(I19="Pendente","AMANHÃ - CONFIRMAR","AMANHÃ"),IF(A19<=TODAY()+CONFIG!$B$5,"PRÓXIMOS "&CONFIG!$B$5&" DIAS","")))))) | Z19: =IF(OR(A19="",B19="",M19="",E19="",H19<>"Agendado"),"",IF(COUNTIFS($A$4:$A$403,A19,$E$4:$E$403,E19,$B$4:$B$403,"<"&M19,$M$4:$M$403,">"&B19,$H$4:$H$403,"Agendado")>1,"CONFLITO",""))
J20: =IF(D20="","",IF(COUNTIF(SERVICOS!$A$3:$A$31,D20)=0,"",INDEX(SERVICOS!$C$3:$C$31,MATCH(D20,SERVICOS!$A$3:$A$31,0)))) | K20: =IF(D20="","",IF(COUNTIF(SERVICOS!$A$3:$A$31,D20)=0,"",INDEX(SERVICOS!$D$3:$D$31,MATCH(D20,SERVICOS!$A$3:$A$31,0)))) | L20: =IF(OR(B20="",J20=""),"",B20+J20/1440) | M20: =IF(OR(L20="",K20=""),"",L20+K20/1440) | N20: =IF(D20="","",IF(COUNTIF(SERVICOS!$A$3:$A$31,D20)=0,"",INDEX(SERVICOS!$E$3:$E$31,MATCH(D20,SERVICOS!$A$3:$A$31,0)))) | P20: =IF(N20="","",N20+IF(O20="",0,O20)) | R20: =IF(D20="","",P20-IF(Q20="",0,Q20)) | S20: =IF(D20="","",IF(P20<=0,"SEM COBRANÇA",IF(Q20>=P20,"PAGO",IF(Q20>0,"PARCIAL","PENDENTE")))) | Y20: =IF(A20="","",IF(H20<>"Agendado","",IF(A20<TODAY(),"AGENDAMENTO PASSADO",IF(A20=TODAY(),"HOJE",IF(A20=TODAY()+1,IF(I20="Pendente","AMANHÃ - CONFIRMAR","AMANHÃ"),IF(A20<=TODAY()+CONFIG!$B$5,"PRÓXIMOS "&CONFIG!$B$5&" DIAS","")))))) | Z20: =IF(OR(A20="",B20="",M20="",E20="",H20<>"Agendado"),"",IF(COUNTIFS($A$4:$A$403,A20,$E$4:$E$403,E20,$B$4:$B$403,"<"&M20,$M$4:$M$403,">"&B20,$H$4:$H$403,"Agendado")>1,"CONFLITO",""))
J21: =IF(D21="","",IF(COUNTIF(SERVICOS!$A$3:$A$31,D21)=0,"",INDEX(SERVICOS!$C$3:$C$31,MATCH(D21,SERVICOS!$A$3:$A$31,0)))) | K21: =IF(D21="","",IF(COUNTIF(SERVICOS!$A$3:$A$31,D21)=0,"",INDEX(SERVICOS!$D$3:$D$31,MATCH(D21,SERVICOS!$A$3:$A$31,0)))) | L21: =IF(OR(B21="",J21=""),"",B21+J21/1440) | M21: =IF(OR(L21="",K21=""),"",L21+K21/1440) | N21: =IF(D21="","",IF(COUNTIF(SERVICOS!$A$3:$A$31,D21)=0,"",INDEX(SERVICOS!$E$3:$E$31,MATCH(D21,SERVICOS!$A$3:$A$31,0)))) | P21: =IF(N21="","",N21+IF(O21="",0,O21)) | R21: =IF(D21="","",P21-IF(Q21="",0,Q21)) | S21: =IF(D21="","",IF(P21<=0,"SEM COBRANÇA",IF(Q21>=P21,"PAGO",IF(Q21>0,"PARCIAL","PENDENTE")))) | Y21: =IF(A21="","",IF(H21<>"Agendado","",IF(A21<TODAY(),"AGENDAMENTO PASSADO",IF(A21=TODAY(),"HOJE",IF(A21=TODAY()+1,IF(I21="Pendente","AMANHÃ - CONFIRMAR","AMANHÃ"),IF(A21<=TODAY()+CONFIG!$B$5,"PRÓXIMOS "&CONFIG!$B$5&" DIAS","")))))) | Z21: =IF(OR(A21="",B21="",M21="",E21="",H21<>"Agendado"),"",IF(COUNTIFS($A$4:$A$403,A21,$E$4:$E$403,E21,$B$4:$B$403,"<"&M21,$M$4:$M$403,">"&B21,$H$4:$H$403,"Agendado")>1,"CONFLITO",""))
J22: =IF(D22="","",IF(COUNTIF(SERVICOS!$A$3:$A$31,D22)=0,"",INDEX(SERVICOS!$C$3:$C$31,MATCH(D22,SERVICOS!$A$3:$A$31,0)))) | K22: =IF(D22="","",IF(COUNTIF(SERVICOS!$A$3:$A$31,D22)=0,"",INDEX(SERVICOS!$D$3:$D$31,MATCH(D22,SERVICOS!$A$3:$A$31,0)))) | L22: =IF(OR(B22="",J22=""),"",B22+J22/1440) | M22: =IF(OR(L22="",K22=""),"",L22+K22/1440) | N22: =IF(D22="","",IF(COUNTIF(SERVICOS!$A$3:$A$31,D22)=0,"",INDEX(SERVICOS!$E$3:$E$31,MATCH(D22,SERVICOS!$A$3:$A$31,0)))) | P22: =IF(N22="","",N22+IF(O22="",0,O22)) | R22: =IF(D22="","",P22-IF(Q22="",0,Q22)) | S22: =IF(D22="","",IF(P22<=0,"SEM COBRANÇA",IF(Q22>=P22,"PAGO",IF(Q22>0,"PARCIAL","PENDENTE")))) | Y22: =IF(A22="","",IF(H22<>"Agendado","",IF(A22<TODAY(),"AGENDAMENTO PASSADO",IF(A22=TODAY(),"HOJE",IF(A22=TODAY()+1,IF(I22="Pendente","AMANHÃ - CONFIRMAR","AMANHÃ"),IF(A22<=TODAY()+CONFIG!$B$5,"PRÓXIMOS "&CONFIG!$B$5&" DIAS","")))))) | Z22: =IF(OR(A22="",B22="",M22="",E22="",H22<>"Agendado"),"",IF(COUNTIFS($A$4:$A$403,A22,$E$4:$E$403,E22,$B$4:$B$403,"<"&M22,$M$4:$M$403,">"&B22,$H$4:$H$403,"Agendado")>1,"CONFLITO",""))
J23: =IF(D23="","",IF(COUNTIF(SERVICOS!$A$3:$A$31,D23)=0,"",INDEX(SERVICOS!$C$3:$C$31,MATCH(D23,SERVICOS!$A$3:$A$31,0)))) | K23: =IF(D23="","",IF(COUNTIF(SERVICOS!$A$3:$A$31,D23)=0,"",INDEX(SERVICOS!$D$3:$D$31,MATCH(D23,SERVICOS!$A$3:$A$31,0)))) | L23: =IF(OR(B23="",J23=""),"",B23+J23/1440) | M23: =IF(OR(L23="",K23=""),"",L23+K23/1440) | N23: =IF(D23="","",IF(COUNTIF(SERVICOS!$A$3:$A$31,D23)=0,"",INDEX(SERVICOS!$E$3:$E$31,MATCH(D23,SERVICOS!$A$3:$A$31,0)))) | P23: =IF(N23="","",N23+IF(O23="",0,O23)) | R23: =IF(D23="","",P23-IF(Q23="",0,Q23)) | S23: =IF(D23="","",IF(P23<=0,"SEM COBRANÇA",IF(Q23>=P23,"PAGO",IF(Q23>0,"PARCIAL","PENDENTE")))) | Y23: =IF(A23="","",IF(H23<>"Agendado","",IF(A23<TODAY(),"AGENDAMENTO PASSADO",IF(A23=TODAY(),"HOJE",IF(A23=TODAY()+1,IF(I23="Pendente","AMANHÃ - CONFIRMAR","AMANHÃ"),IF(A23<=TODAY()+CONFIG!$B$5,"PRÓXIMOS "&CONFIG!$B$5&" DIAS","")))))) | Z23: =IF(OR(A23="",B23="",M23="",E23="",H23<>"Agendado"),"",IF(COUNTIFS($A$4:$A$403,A23,$E$4:$E$403,E23,$B$4:$B$403,"<"&M23,$M$4:$M$403,">"&B23,$H$4:$H$403,"Agendado")>1,"CONFLITO",""))
J24: =IF(D24="","",IF(COUNTIF(SERVICOS!$A$3:$A$31,D24)=0,"",INDEX(SERVICOS!$C$3:$C$31,MATCH(D24,SERVICOS!$A$3:$A$31,0)))) | K24: =IF(D24="","",IF(COUNTIF(SERVICOS!$A$3:$A$31,D24)=0,"",INDEX(SERVICOS!$D$3:$D$31,MATCH(D24,SERVICOS!$A$3:$A$31,0)))) | L24: =IF(OR(B24="",J24=""),"",B24+J24/1440) | M24: =IF(OR(L24="",K24=""),"",L24+K24/1440) | N24: =IF(D24="","",IF(COUNTIF(SERVICOS!$A$3:$A$31,D24)=0,"",INDEX(SERVICOS!$E$3:$E$31,MATCH(D24,SERVICOS!$A$3:$A$31,0)))) | P24: =IF(N24="","",N24+IF(O24="",0,O24)) | R24: =IF(D24="","",P24-IF(Q24="",0,Q24)) | S24: =IF(D24="","",IF(P24<=0,"SEM COBRANÇA",IF(Q24>=P24,"PAGO",IF(Q24>0,"PARCIAL","PENDENTE")))) | Y24: =IF(A24="","",IF(H24<>"Agendado","",IF(A24<TODAY(),"AGENDAMENTO PASSADO",IF(A24=TODAY(),"HOJE",IF(A24=TODAY()+1,IF(I24="Pendente","AMANHÃ - CONFIRMAR","AMANHÃ"),IF(A24<=TODAY()+CONFIG!$B$5,"PRÓXIMOS "&CONFIG!$B$5&" DIAS","")))))) | Z24: =IF(OR(A24="",B24="",M24="",E24="",H24<>"Agendado"),"",IF(COUNTIFS($A$4:$A$403,A24,$E$4:$E$403,E24,$B$4:$B$403,"<"&M24,$M$4:$M$403,">"&B24,$H$4:$H$403,"Agendado")>1,"CONFLITO",""))
J25: =IF(D25="","",IF(COUNTIF(SERVICOS!$A$3:$A$31,D25)=0,"",INDEX(SERVICOS!$C$3:$C$31,MATCH(D25,SERVICOS!$A$3:$A$31,0)))) | K25: =IF(D25="","",IF(COUNTIF(SERVICOS!$A$3:$A$31,D25)=0,"",INDEX(SERVICOS!$D$3:$D$31,MATCH(D25,SERVICOS!$A$3:$A$31,0)))) | L25: =IF(OR(B25="",J25=""),"",B25+J25/1440) | M25: =IF(OR(L25="",K25=""),"",L25+K25/1440) | N25: =IF(D25="","",IF(COUNTIF(SERVICOS!$A$3:$A$31,D25)=0,"",INDEX(SERVICOS!$E$3:$E$31,MATCH(D25,SERVICOS!$A$3:$A$31,0)))) | P25: =IF(N25="","",N25+IF(O25="",0,O25)) | R25: =IF(D25="","",P25-IF(Q25="",0,Q25)) | S25: =IF(D25="","",IF(P25<=0,"SEM COBRANÇA",IF(Q25>=P25,"PAGO",IF(Q25>0,"PARCIAL","PENDENTE")))) | Y25: =IF(A25="","",IF(H25<>"Agendado","",IF(A25<TODAY(),"AGENDAMENTO PASSADO",IF(A25=TODAY(),"HOJE",IF(A25=TODAY()+1,IF(I25="Pendente","AMANHÃ - CONFIRMAR","AMANHÃ"),IF(A25<=TODAY()+CONFIG!$B$5,"PRÓXIMOS "&CONFIG!$B$5&" DIAS","")))))) | Z25: =IF(OR(A25="",B25="",M25="",E25="",H25<>"Agendado"),"",IF(COUNTIFS($A$4:$A$403,A25,$E$4:$E$403,E25,$B$4:$B$403,"<"&M25,$M$4:$M$403,">"&B25,$H$4:$H$403,"Agendado")>1,"CONFLITO",""))
J26: =IF(D26="","",IF(COUNTIF(SERVICOS!$A$3:$A$31,D26)=0,"",INDEX(SERVICOS!$C$3:$C$31,MATCH(D26,SERVICOS!$A$3:$A$31,0)))) | K26: =IF(D26="","",IF(COUNTIF(SERVICOS!$A$3:$A$31,D26)=0,"",INDEX(SERVICOS!$D$3:$D$31,MATCH(D26,SERVICOS!$A$3:$A$31,0)))) | L26: =IF(OR(B26="",J26=""),"",B26+J26/1440) | M26: =IF(OR(L26="",K26=""),"",L26+K26/1440) | N26: =IF(D26="","",IF(COUNTIF(SERVICOS!$A$3:$A$31,D26)=0,"",INDEX(SERVICOS!$E$3:$E$31,MATCH(D26,SERVICOS!$A$3:$A$31,0)))) | P26: =IF(N26="","",N26+IF(O26="",0,O26)) | R26: =IF(D26="","",P26-IF(Q26="",0,Q26)) | S26: =IF(D26="","",IF(P26<=0,"SEM COBRANÇA",IF(Q26>=P26,"PAGO",IF(Q26>0,"PARCIAL","PENDENTE")))) | Y26: =IF(A26="","",IF(H26<>"Agendado","",IF(A26<TODAY(),"AGENDAMENTO PASSADO",IF(A26=TODAY(),"HOJE",IF(A26=TODAY()+1,IF(I26="Pendente","AMANHÃ - CONFIRMAR","AMANHÃ"),IF(A26<=TODAY()+CONFIG!$B$5,"PRÓXIMOS "&CONFIG!$B$5&" DIAS","")))))) | Z26: =IF(OR(A26="",B26="",M26="",E26="",H26<>"Agendado"),"",IF(COUNTIFS($A$4:$A$403,A26,$E$4:$E$403,E26,$B$4:$B$403,"<"&M26,$M$4:$M$403,">"&B26,$H$4:$H$403,"Agendado")>1,"CONFLITO",""))
J27: =IF(D27="","",IF(COUNTIF(SERVICOS!$A$3:$A$31,D27)=0,"",INDEX(SERVICOS!$C$3:$C$31,MATCH(D27,SERVICOS!$A$3:$A$31,0)))) | K27: =IF(D27="","",IF(COUNTIF(SERVICOS!$A$3:$A$31,D27)=0,"",INDEX(SERVICOS!$D$3:$D$31,MATCH(D27,SERVICOS!$A$3:$A$31,0)))) | L27: =IF(OR(B27="",J27=""),"",B27+J27/1440) | M27: =IF(OR(L27="",K27=""),"",L27+K27/1440) | N27: =IF(D27="","",IF(COUNTIF(SERVICOS!$A$3:$A$31,D27)=0,"",INDEX(SERVICOS!$E$3:$E$31,MATCH(D27,SERVICOS!$A$3:$A$31,0)))) | P27: =IF(N27="","",N27+IF(O27="",0,O27)) | R27: =IF(D27="","",P27-IF(Q27="",0,Q27)) | S27: =IF(D27="","",IF(P27<=0,"SEM COBRANÇA",IF(Q27>=P27,"PAGO",IF(Q27>0,"PARCIAL","PENDENTE")))) | Y27: =IF(A27="","",IF(H27<>"Agendado","",IF(A27<TODAY(),"AGENDAMENTO PASSADO",IF(A27=TODAY(),"HOJE",IF(A27=TODAY()+1,IF(I27="Pendente","AMANHÃ - CONFIRMAR","AMANHÃ"),IF(A27<=TODAY()+CONFIG!$B$5,"PRÓXIMOS "&CONFIG!$B$5&" DIAS","")))))) | Z27: =IF(OR(A27="",B27="",M27="",E27="",H27<>"Agendado"),"",IF(COUNTIFS($A$4:$A$403,A27,$E$4:$E$403,E27,$B$4:$B$403,"<"&M27,$M$4:$M$403,">"&B27,$H$4:$H$403,"Agendado")>1,"CONFLITO",""))
... J403: =IF(D403="","",IF(COUNTIF(SERVICOS!$A$3:$A$31,D403)=0,"",INDEX(SERVICOS!$C$3:$C$31,MATCH(D403,SERVICOS!$A$3:$A$31,0)))) | K403: =IF(D403="","",IF(COUNTIF(SERVICOS!$A$3:$A$31,D403)=0,"",INDEX(SERVICOS!$D$3:$D$31,MATCH(D403,SERVICOS!$A$3:$A$31,0)))) | L403: =IF(OR(B403="",J403=""),"",B403+J403/1440) | M403: =IF(OR(L403="",K403=""),"",L403+K403/1440) | N403: =IF(D403="","",IF(COUNTIF(SERVICOS!$A$3:$A$31,D403)=0,"",INDEX(SERVICOS!$E$3:$E$31,MATCH(D403,SERVICOS!$A$3:$A$31,0)))) | P403: =IF(N403="","",N403+IF(O403="",0,O403)) | R403: =IF(D403="","",P403-IF(Q403="",0,Q403)) | S403: =IF(D403="","",IF(P403<=0,"SEM COBRANÇA",IF(Q403>=P403,"PAGO",IF(Q403>0,"PARCIAL","PENDENTE")))) | Y403: =IF(A403="","",IF(H403<>"Agendado","",IF(A403<TODAY(),"AGENDAMENTO PASSADO",IF(A403=TODAY(),"HOJE",IF(A403=TODAY()+1,IF(I403="Pendente","AMANHÃ - CONFIRMAR","AMANHÃ"),IF(A403<=TODAY()+CONFIG!$B$5,"PRÓXIMOS "&CONFIG!$B$5&" DIAS","")))))) | Z403: =IF(OR(A403="",B403="",M403="",E403="",H403<>"Agendado"),"",IF(COUNTIFS($A$4:$A$403,A403,$E$4:$E$403,E403,$B$4:$B$403,"<"&M403,$M$4:$M$403,">"&B403,$H$4:$H$403,"Agendado")>1,"CONFLITO",""))

Sheet CLIENTES
A1: CADASTRO DE CLIENTES
A2: Cliente | B2: Telefone | C2: E-mail | D2: Cidade | E2: Preferência de contato | F2: Data de cadastro | G2: Ativo | H2: Observações
A3: Cliente Exemplo A | B3: (00) 90000-0001 | C3: cliente.a@exemplo.com | D3: Cidade Exemplo | E3: WhatsApp | F3: 46175 | G3: Sim | H3: Dados fictícios
A4: Cliente Exemplo B | B4: (00) 90000-0002 | C4: cliente.b@exemplo.com | D4: Cidade Exemplo | E4: E-mail | F4: 46188 | G4: Sim | H4: Dados fictícios
A5: Cliente Exemplo C | B5: (00) 90000-0003 | C5: cliente.c@exemplo.com | D5: Cidade Exemplo | E5: WhatsApp | F5: 46204 | G5: Sim | H5: Dados fictícios
A6: Cliente Exemplo D | B6: (00) 90000-0004 | C6: cliente.d@exemplo.com | D6: Cidade Exemplo | E6: Telefone | F6: 46213 | G6: Sim | H6: Dados fictícios
A7: Cliente Exemplo E | B7: (00) 90000-0005 | C7: cliente.e@exemplo.com | D7: Cidade Exemplo | E7: WhatsApp | F7: 46223 | G7: Sim | H7: Dados fictícios
A8: Cliente Exemplo F | B8: (00) 90000-0006 | C8: cliente.f@exemplo.com | D8: Cidade Exemplo | E8: WhatsApp | F8: 46235 | G8: Sim | H8: Dados fictícios

Sheet SERVICOS
A1: CATÁLOGO DE SERVIÇOS
A2: Serviço | B2: Categoria | C2: Duração padrão (min) | D2: Intervalo após (min) | E2: Valor padrão | F2: Modalidade padrão | G2: Ativo | H2: Observações
A3: Consulta inicial | B3: Atendimento | C3: 60 | D3: 15 | E3: 180 | F3: Presencial | G3: Sim | H3: Exemplo fictício
A4: Retorno | B4: Atendimento | C4: 45 | D4: 10 | E4: 140 | F4: Presencial | G4: Sim | H4: Exemplo fictício
A5: Sessão online | B5: Atendimento | C5: 60 | D5: 10 | E5: 160 | F5: Online | G5: Sim | H5: Exemplo fictício
A6: Consultoria 60 min | B6: Consultoria | C6: 60 | D6: 15 | E6: 220 | F6: Online | G6: Sim | H6: Exemplo fictício
A7: Avaliação | B7: Avaliação | C7: 90 | D7: 15 | E7: 250 | F7: Presencial | G7: Sim | H7: Exemplo fictício

Sheet CONFIG
A1: CONFIGURAÇÕES E LISTAS | D1: Status | E1: Confirmação | F1: Modalidade | G1: Forma pagamento | H1: Origem | I1: Preferência contato | J1: Ativo | M1: Responsáveis
D2: Agendado | E2: Pendente | F2: Presencial | G2: Pix | H2: Indicação | I2: WhatsApp | J2: Sim | M2: Profissional 1
A3: Parâmetro | B3: Valor | D3: Concluído | E3: Confirmado | F3: Online | G3: Dinheiro | H3: Instagram | I3: Telefone | J3: Não | M3: Profissional 2
A4: Moeda | B4: R$ | D4: Cancelado | E4: Dispensado | F4: Domiciliar | G4: Cartão crédito | H4: Google | I4: E-mail | M4: Profissional 3
A5: Janela de próximos dias | B5: 7 | D5: Faltou | F5: Híbrido | G5: Cartão débito | H5: WhatsApp | I5: Outro
A6: Ano do dashboard | B6: 2026 | D6: Remarcado | G6: Transferência | H6: Cliente recorrente
A7: Versão | B7: 1.0 | G7: Boleto | H7: Outro
A8: Data de corte da pesquisa | B8: 46245 | G8: Outro
A10: Como editar | B10: Personalize serviços, responsáveis e listas.
A11: Atenção | B11: Não há automação fiscal/tributária nesta versão.
A12: Lembretes | B12: A planilha sinaliza pendências, mas não envia mensagens.
A13: Privacidade | B13: Registre somente dados necessários.
A14: Conflito | B14: Considera somente linhas com status Agendado.
A15: Intervalo | B15: Bloqueio = duração + intervalo pós-serviço.
A16: Cancelamento/falta | B16: Use Ajuste (+/-) para definir o valor efetivamente devido.
